 Dungeon Crawl Stone Soup version 0.31.0-9-g3a7656b989 (webtiles) character file.

Game seed: 9440352613094532066

4035 McKennaii the Destroyer (level 9, -1/62 HPs)
             Began as a Demigod Conjurer on Jan 24, 2024.
             Shot with an arrow by a centaur (4 damage)
             ... on level 9 of the Dungeon on Jan 25, 2024.
             The game lasted 00:09:24 (10506 turns).

McKennaii the Destroyer (Demigod Conjurer)         Turns: 10506, Time: 00:09:24

Health: -1/62      AC:  7    Str:  8    XL:     9   Next: 75%
Magic:  22/35      EV: 12    Int: 38    God:
Gold:   375        SH:  0    Dex: 12    Spells: 18/25 levels left

rFire   . . .        x - +2 trident (flame)
rCold   . . .        (no shield)
rNeg    . . .        a - +0 robe
rPois   .            o - +2 helmet
rElec   .            (no cloak)
rCorr   .            z - +1 pair of gloves
SInv    .            (no boots)
Will    .....        (no amulet)
Stlth   ++           n - ring of magical power
HPRegen 0.30/turn    B - +6 ring of intelligence
MPRegen 0.24/turn

%: no passive effects
@: no status effects
A: high MP 1, forlorn, divine attributes
a: no special abilities


You were on level 9 of the Dungeon.
You visited 1 branch of the dungeon, and saw 9 of its levels.

You collected 375 gold pieces.

Inventory:

Hand Weapons
 x - a +2 trident of flaming (weapon)
Missiles
 m - a throwing net
Armour
 a - a +0 robe (worn)
 o - a +2 helmet (worn)
 z - a +1 pair of gloves (worn)
 E - +0 steam dragon scales
Jewellery
 n - a ring of magical power (left hand)
 p - a ring of positive energy
 u - a ring of willpower
 B - a +6 ring of intelligence (right hand)
Wands
 q - a wand of mindburst (3)
 t - a wand of flame (10)
 v - a wand of quicksilver (15)
Scrolls
 d - 5 scrolls of noise {unknown}
 g - 2 scrolls of fog {unknown}
 j - 4 scrolls of identify {unknown}
 l - 6 scrolls of vulnerability {unknown}
 w - a scroll of revelation {unknown}
 y - a scroll of fear {unknown}
 A - a scroll of immolation {unknown}
 C - 2 scrolls of blinking {unknown}
Potions
 b - 4 potions of magic
 c - a potion of degeneration {unknown}
 e - 3 potions of curing {unknown}
 f - a potion of resistance {unknown}
 h - 2 potions of brilliance {unknown}
 i - 4 potions of mutation {unknown}
 k - a potion of might {unknown}
 r - 4 potions of heal wounds {unknown}
 s - a potion of attraction {unknown}
 D - a potion of invisibility {unknown}


   Skills:
 - Level 1.7 Dodging
 - Level 1.7 Stealth
 + Level 8.8 Spellcasting
 + Level 10.2 Conjurations


You had 18 spell levels left.
You knew the following spells:

 Your Spells              Type           Power      Damage    Failure   Level
a - Magic Dart            Conj           100%       1d8       1%          1
b - Searing Ray           Conj           100%       2d8       1%          2
c - Iskenderun's Mystic   Conj/Tloc      53%        2d11      2%          4

Your spell library contained the following spells:

 Spells                   Type           Power      Damage    Failure   Level
 Kiss of Death            Conj/Necr      100%       2d13      1%          1
 Dazzling Flash           Conj/Hex       100%       N/A       1%          3
 Summon Small Mammal      Summ           64%        N/A       2%          1
 Flame Wave               Conj/Fire      53%        2d13      2%          4
 Fulminant Prism          Conj/Alch      26%        3d13      2%          4
 Lesser Beckoning         Tloc           32%        N/A       3%          2
 Scorch                   Fire           32%        2d6       3%          2
 Call Canine Familiar     Summ           16%        N/A       7%          3
 Confusing Touch          Hex            16%        N/A       7%          3
 Gell's Gravitas          Tloc           16%        N/A       7%          3
 Teleport Other           Tloc           16%        N/A       7%          3
 Volatile Blastmotes      Fire/Tloc      32%        2d12      7%          3
 Dispel Undead            Necr           16%        3d10      22%         4
 Summon Blazeheart Golem  Fire/Summ      16%        N/A       22%         4
 Starburst                Conj/Fire      26%        6d8       41%         6
 Summon Cactus Giant      Summ           8%         N/A       98%         6
 Maxwell's Capacitive Co  Air            8%         ∞         100%        8


Dungeon Overview and Level Annotations

Branches:
Dungeon (9/15)             Temple (0/1) D:5
   Lair: D:8-11         Orc: D:9-12

Shops:
D:3 (   D:9 (:

Annotations:
D:6 1 runed translucent door


Innate Abilities, Weirdness & Mutations

You have an increased reservoir of magic. (+10% MP)
You shall have no god before yourself.
Your divine heritage dramatically boosts your attributes as you level up.


Message History

The steam dragon is almost dead.
You are engulfed in a cloud of scalding steam.
The steam dragon barely misses you.
The steam dragon claws you but does no damage.
The searing ray hits the steam dragon.
You kill the steam dragon!
The steam dragon scales are intact enough to wear.
You are engulfed in a cloud of scalding steam.
You finish channelling your searing ray.
You are engulfed in a cloud of scalding steam.
A centaur comes into view.
The centaur wields a +0 orcbow.
The centaur shoots an arrow.
The arrow hits you!
Things that are here:
+0 steam dragon scales; a steam dragon corpse E - +0 steam dragon scales The centaur shoots an arrow.
The arrow hits you!
The centaur shoots an arrow.
The arrow hits you!
* * * LOW HITPOINT WARNING * * *
The centaur shoots an arrow.
The arrow barely misses you.
Casting: Searing Ray (safe; 1% risk of failure)
Confirm with . or Enter, or press ? or * to list all spells.
Aiming: Searing Ray (safe; 1% risk of failure)
Press: ? - help, Shift-Dir - straight line, f - centaur
Aim: a centaur, wielding a +0 orcbow (90% to hit)
The searing ray hits the centaur.
The centaur is lightly wounded. (Press . to maintain the ray.)
The centaur shoots an arrow.
The arrow hits you!
* * * LOW HITPOINT WARNING * * *
The searing ray hits the centaur.
The centaur is moderately wounded.
The centaur shoots an arrow.
The arrow hits you.
* * * LOW HITPOINT WARNING * * *
The centaur shoots an arrow.
The arrow misses you.
Okay, then.
The searing ray hits the centaur.
The centaur is heavily wounded.
The centaur shoots an arrow.
The arrow hits you.
You die...

#..##..#..#...#.......#
#......#..#...'.........
#.........#...#.........#
#.....#####...###+####..#
#..##.#.............. ...
#..##.#..............
#.....###'###########
#.................
#..#....†.@...c...
#..#...##..#####..
#......##..#
#..<...##....
#......##.....
#...............
################


You could see a centaur.

Vanquished Creatures
  Prince Ribbit (D:6)
  A wyvern (D:6)
  4 steam dragons
  2 water moccasins (D:6)
  A sky beast (D:3)
  3 black bears
  The ghost of Colgate the Trooper, an amateur BaMo (D:3)
  3 orc warriors
  2 phantoms
  A kobold brigand (D:8)
  A bullfrog (D:5)
  3 scorpions (D:5)
  6 killer bees (D:9)
  4 howler monkeys (D:8)
  A vampire bat (D:7)
  4 hounds
  5 orc priests
  3 gnoll boudas
  A jelly (D:8)
  Ijyb (D:5)
  3 sleepcaps
  3 iguanas
  10 orc wizards
  20 gnolls
  7 adders
  3 shadow imps
  2 white imps (D:7)
  8 ufetubi
  A ribbon worm (D:3)
  4 dart slugs (D:1)
  35 orcs
  3 bats
  3 bat skeletons (D:7)
  2 bat zombies (D:7)
  8 endoplasms
  A giant cockroach (D:1)
  7 goblins
  5 hobgoblins
  5 jackals (D:2)
  6 kobolds
  6 quokkas
  5 frilled lizards
  4 goblin zombies (D:6)
  2 hobgoblin zombies (D:6)
  An orc zombie (D:6)
  6 rats
208 creatures vanquished.

Notes
Turn   | Place    | Note
-------+----------+-------------------------------------------
     0 | D:1      | McKennaii the Demigod Conjurer began the quest for the Orb.
     0 | D:1      | Reached XP level 1. HP: 14/14 MP: 5/5
   385 | D:1      | Reached XP level 2. HP: 20/20 MP: 0/7
   399 | D:1      | Learned a level 2 spell: Searing Ray
   586 | D:1      | Reached skill level 4 in Conjurations
   887 | D:1      | Reached XP level 3. HP: 19/26 MP: 0/9
  1496 | D:2      | Noticed a phantom
  1506 | D:2      | Killed a phantom
  1507 | D:2      | Reached XP level 4. HP: 26/33 MP: 0/11
  2301 | D:3      | Noticed a sky beast
  2307 | D:3      | Killed a sky beast
  2308 | D:3      | Reached skill level 5 in Conjurations
  2308 | D:3      | Reached XP level 5. HP: 38/38 MP: 4/13
  2313 | D:3      | Learned a level 4 spell: Iskenderun's Mystic Blast
  2632 | D:3      | Found a runed translucent door.
  2636 | D:3      | Noticed Colgate's ghost (amateur BaMo)
  2679 | D:3      | Found a runed translucent door.
  2921 | D:3      | Found Qoxkefim's Antique Weapon Emporium.
  3271 | D:3      | Killed Colgate's ghost
  3272 | D:3      | Reached XP level 6. HP: 26/45 MP: 5/15
  4184 | D:5      | Entered Level 5 of the Dungeon
  4193 | D:5      | Reached skill level 6 in Conjurations
  4286 | D:5      | Reached XP level 7. HP: 21/50 MP: 17/17
  4323 | D:5      | Reached skill level 5 in Spellcasting
  5143 | D:5      | Reached skill level 7 in Conjurations
  5449 | D:5      | Noticed Ijyb
  5456 | D:5      | Killed Ijyb
  5612 | D:5      | Found a staircase to the Ecumenical Temple.
  6093 | D:5      | Reached XP level 8. HP: 57/57 MP: 20/20
  6477 | D:6      | Reached skill level 8 in Conjurations
  6809 | D:6      | Found a runed translucent door.
  7106 | D:6      | Noticed Prince Ribbit
  7115 | D:6      | Killed Prince Ribbit
  7467 | D:6      | Reached XP level 9. HP: 53/62 MP: 21/24
  7796 | D:7      | Reached skill level 9 in Conjurations
  9972 | D:8      | Reached skill level 10 in Conjurations
 10118 | D:9      | Found Tudyegih's Weapon Shop.
 10401 | D:9      | Found Kegui's Book Emporium.
 10505 | D:9      | HP: 3/62 [centaur/arrow (6)]
 10506 | D:9      | Shot with an arrow by a centaur

Illustrated notes

Levels and vault maps discovered:
D:1:      dpeg_arrival_shrine, layout_loops_ring
D:2:      layout_loops_ring, basic_altar
D:3:      layout_basic, grunt_gozag_statues, ebering_ghost_sewer_f,
          serial_shops, shop, st_stairs_12, due_unseen_surprise
D:4:      layout_basic
D:5:      layout_layer_cave, temple_hall, guppyfry_early_orc_mine, uniq_ijyb
D:6:      layout_loops_cross, nicolae_tso_besieged_by_evil,
          dk_yredelemnul_ordeal, mainiacjoe_overflow_catwalk,
          kennysheep_generic_room_5, uniq_prince_ribbit1
D:7:      layout_basic, kennysheep_vampire_church
D:8:      layout_loops_corners
D:9:      layout_stronghold, lightli_temple_of_fire, serial_shops, shop,
          nicolae_book_shop_shelving, shop, uniq_jeremiah

Skill      XL: |  1  2  3  4  5  6  7  8  9 |
---------------+----------------------------+-----
Spellcasting   | 2 3 4 6 7 8 |  8.8
Conjurations   | 4 5 6 7 8 10 | 10.2
Dodging        | |  1.7
Stealth        | |  1.7

Action                     |  1- 3 |  4- 6 |  7- 9 || total
---------------------------+-------+-------+-------++-------
  Melee: Unarmed           |    11 |     2 |       ||    13
   Cast: Magic Dart        |    73 |    77 |   249 ||   399
         Searing Ray       |     1 |    13 |    65 ||    79
         Iskenderun's Myst |       |       |     7 ||     7
 Armour: Robe              |    17 |    22 |   131 ||   170
  Dodge: Dodged            |    15 |    28 |   107 ||   150
